 Dungeon Crawl Stone Soup version 0.21.1-1-g345015f (webtiles) character file.

637 Lilu the Destroyer (level 7, -4/37 HPs)
             Began as a Deep Elf Conjurer on July 30, 2018.
             Slain by Grinder (11 damage)
             ... on level 4 of the Dungeon.
             The game lasted 00:14:23 (3888 turns).

Lilu the Destroyer (Deep Elf Conjurer)              Turns: 3888, Time: 00:14:25

Health: -4/37      AC:  3    Str:  7    XL:     7   Next: 25%
Magic:  4/13       EV: 13    Int: 20    God:
Gold:   189        SH:  0    Dex: 15    Spells: 5/12 levels left

rFire    . . .     SeeInvis .   y - +4 quarterstaff (chaos)
rCold    . . .     Gourm    .   (shield currently unavailable)
rNeg     . . .     Faith    .   a - +0 robe
rPois    .         Spirit   .   (no helmet)
rElec    .         Reflect  .   x - +0 cloak
rCorr    .         Harm     .   (no gloves)
MR       .....                  (no boots)
Stlth    ++........             (no amulet)
HPRegen  0.12/turn              (no ring)
MPRegen  0.13/turn              (no ring)

@: no status effects
A: no striking features
a: no special abilities


You were on level 4 of the Dungeon.
You were not hungry.

You visited 1 branch of the dungeon, and saw 4 of its levels.

You collected 189 gold pieces.

Inventory:

Hand Weapons
 y - a +4 quarterstaff of chaos (weapon)
Armour
 a - a +0 robe (worn)
 x - a +0 cloak (worn)
Scrolls
 g - 2 scrolls of teleportation {unknown}
 i - 3 scrolls of identify {unknown}
 j - a scroll of random uselessness {unknown}
 k - a scroll of fog {unknown}
 l - 2 scrolls of remove curse {unknown}
 m - a scroll of enchant armour {unknown}
 o - a scroll of enchant weapon {unknown}
 q - a scroll of noise {unknown}
 s - 3 scrolls of magic mapping {unknown}
 t - 4 scrolls of amnesia {unknown}
 v - a scroll of fear {unknown}
Potions
 e - a potion of haste {unknown}
 f - a potion of heal wounds {unknown}
 h - 2 potions of flight {unknown}
 n - a potion of resistance {unknown}
 p - a potion of brilliance {unknown}
 r - 2 potions of curing {unknown}
 u - a potion of degeneration {unknown}
 w - 2 potions of lignification {unknown}
Books
 b - a book of Conjurations

   Spells                             Type                      Level
   a - Magic Dart                     Conjuration                  1
   b - Searing Ray                    Conjuration                  2
   c - Dazzling Spray                 Conjuration/Hexes            3
   d - Fulminant Prism                Conjuration/Hexes            4
   e - Force Lance                    Conjuration/Translocation    4
   f - Iskenderun's Mystic Blast      Conjuration                  4
Comestibles
 c - 7 rations


   Skills:
 + Level 0.9 Fighting
 - Level 2.4 Dodging
 - Level 2.4 Stealth
 - Level 3.0 Spellcasting
 * Level 9.6 Conjurations


You had 5 spell levels left.
You knew the following spells:

 Your Spells              Type           Power        Failure   Level  Hunger
a - Magic Dart            Conj           ####         1%          1    None
b - Searing Ray           Conj           #####.       1%          2    ##.....
c - Iskenderun's Mystic   Conj           #####...     2%          4    ####...


Dungeon Overview and Level Annotations

Branches:
Dungeon (4/15)
 Temple: D:4-7

Altars:
Dithmenos
Elyvilon
Fedhas
Hepliaklqana
Yredelemnul
Zin

Annotations:
D:4 Grinder; aaksess's ghost, amateur TeCj


Message History

The searing ray hits Grinder.
Grinder is moderately wounded.
Grinder gestures at you. Pain shoots through your body!
The searing ray hits Grinder.
Grinder is heavily wounded.
The searing ray hits Grinder.
Grinder is severely wounded.
You finish channeling your searing ray.
Grinder hits you.
You writhe in agony.
Casting: Searing Ray
Confirm with . or Enter, or press ? or * to list all spells.
Okay, then.
You closely miss Grinder.
Grinder is severely wounded.
Grinder hits you.
* * * LOW HITPOINT WARNING * * *
You writhe in agony.
* * * LOW HITPOINT WARNING * * *
Grinder hits you!
You die...

### ### #.. ..# #.### ..#
#######.#.. ..# #.....#.#.#### #
#.# #.....#.#...?# .#
#.###.....#.#.##.#####.###
#.#.............@.........
#...........#..#5#.#.####
....#.....###.##.#.#.####
..............ยง.........# .
....<..#......##........# ..
....##############......######.#
#.................)............#
#...##)...########....(........#
#..>.).........................#


You could see Grinder.

Vanquished Creatures
  An ogre (D:4)
  The ghost of tyranidshit the Skirmisher, an amateur DsAK of Lugonu (D:3)
  A necrophage (D:3)
  A scorpion (D:3)
  An orc priest (D:2)
  Crazy Yiuf (D:4)
  A gnoll shaman (D:4)
  2 worker ants (D:4)
  2 hound skeletons (D:4)
  5 gnolls (D:4)
  5 adders
  A worm (D:3)
  2 leopard geckos
  6 orcs
  4 giant cockroaches
  2 goblins
  14 hobgoblins
  6 jackals
  5 kobolds
  A ball python (D:1)
  6 bats
  4 frilled lizards (D:2)
  A leopard gecko skeleton (D:4)
  2 rats
75 creatures vanquished.

Notes
Turn   | Place    | Note
-------+----------+-------------------------------------------
     0 | D:1      | Lilu the Deep Elf Conjurer began the quest for the Orb.
     0 | D:1      | Reached XP level 1. HP: 10/10 MP: 6/6
   372 | D:1      | Reached XP level 2. HP: 15/15 MP: 6/8
   418 | D:1      | Reached skill level 5 in Conjurations
   422 | D:1      | Learned a level 2 spell: Searing Ray
   701 | D:2      | Reached XP level 3. HP: 19/19 MP: 5/9
   702 | D:2      | Reached skill level 6 in Conjurations
  1035 | D:2      | Reached XP level 4. HP: 23/24 MP: 5/10
  1214 | D:2      | Found a shadowy altar of Dithmenos.
  1512 | D:3      | Noticed tyranidshit's ghost (amateur DsAK)
  1606 | D:3      | Found a blossoming altar of Fedhas.
  1624 | D:3      | Noticed a necrophage
  1954 | D:3      | Found a hazy altar of Hepliaklqana.
  1954 | D:3      | Found a glowing silver altar of Zin.
  1954 | D:3      | Found a white marble altar of Elyvilon.
  1955 | D:3      | Found a shadowy altar of Dithmenos.
  1955 | D:3      | Found a basalt altar of Yredelemnul.
  2011 | D:3      | Reached skill level 7 in Conjurations
  2011 | D:3      | Reached XP level 5. HP: 28/28 MP: 3/11
  2193 | D:3      | Killed a necrophage
  2193 | D:3      | Reached skill level 8 in Conjurations
  2193 | D:3      | Reached XP level 6. HP: 23/32 MP: 7/12
  2413 | D:3      | Killed tyranidshit's ghost
  2721 | D:4      | Noticed aaksess's ghost (amateur TeCj)
  2782 | D:4      | Learned a level 4 spell: Iskenderun's Mystic Blast
  3006 | D:4      | Found a runed door.
  3058 | D:4      | Noticed Grinder
  3079 | D:4      | Noticed Crazy Yiuf
  3082 | D:4      | Killed Crazy Yiuf
  3141 | D:4      | Reached skill level 9 in Conjurations
  3293 | D:4      | Reached XP level 7. HP: 28/36 MP: 9/13
  3888 | D:4      | Slain by Grinder

Skill      XL: |  1  2  3  4  5  6 |
---------------+-------------------+-----
Conjurations   | 5 6 7 8 9 |  9.6
Fighting       | |  0.9
Dodging        | |  2.4
Stealth        | |  2.4
Spellcasting   | |  3.0

Action                   |  1- 3 |  4- 6 |  7- 9 || total
-------------------------+-------+-------+-------++-------
Melee: Dagger            |    16 |    14 |       ||    30
       Quarterstaff      |       |     5 |    10 ||    15
 Cast: Magic Dart        |    46 |    34 |     4 ||    84
       Searing Ray       |     1 |    18 |     5 ||    24
 Stab: Sleeping          |       |     1 |       ||     1
  Eat: Chunk             |       |     4 |     2 ||     6
       Ration            |       |     1 |       ||     1
Armor: Robe              |     3 |    15 |     1 ||    19
Dodge: Dodged            |    18 |    43 |     6 ||    67
